 Dungeon Crawl Stone Soup version 0.16.1-2-g95b8d4c (webtiles) character file.

1757 sugabear the Skirmisher (level 9, -6/56 HPs)
             Began as a Gargoyle Fighter on Mar 24, 2015.
             Was a Follower of Qazlal.
             Mangled by a white ugly thing (24 damage)
             ... on level 6 of the Dungeon.
             The game lasted 00:15:55 (5904 turns).

sugabear the Skirmisher (Gargoyle Fighter)          Turns: 5904, Time: 00:15:55

Health: -6/56      AC: 18    Str: 24    XL:     9   Next: 6%
Magic:  0/12       EV:  6    Int:  8    God:    Qazlal [*.....]
Gold:   292        SH: 12    Dex:  9    Spells: 0 memorised, 8 levels left

rFire  . . .     SeeInvis .     a - +1 war axe (curse)
rCold  . . .     Clarity  .     G - +0 plate armour (curse)
rNeg   + . .     SustAb   .     c - +0 shield
rPois  ∞         Gourm    .     (no helmet)
rElec  +         Spirit   +     (no cloak)
rCorr  .         Warding  .     (no gloves)
rMut   .         Stasis   .     (no boots)
MR     .....                    C - amulet of guardian spirit (curse)
Stlth  ..........               v - ring of stealth
                                p - ring of flight

@: not resistant to hostile enchantments, extremely unstealthy
A: negative energy resistance 1, electricity resistance, unbreathing,
petrification resistance, rot immunity, AC +5
a: Renounce Religion, Evoke Flight


You were on level 6 of the Dungeon.
You worshipped Qazlal.
Qazlal was aware of your devotion.
You were hungry.

You visited 2 branches of the dungeon, and saw 8 of its levels.
You also visited: Ossuary.

You collected 292 gold pieces.

Inventory:

Hand weapons
 a - a cursed +1 war axe (weapon)
Armour
 c - a +0 shield (worn)
 G - a cursed +0 plate armour (worn)
Jewellery
 o - an uncursed amulet of resist corrosion
 p - a ring of flight (left hand)
 v - a ring of stealth (right hand)
 C - a cursed amulet of guardian spirit (around neck)
 I - an uncursed ring of see invisible {unknown}
Magical devices
 w - a wand of slowing (24)
Scrolls
 f - 2 scrolls of amnesia
 g - a scroll of random uselessness
 h - 5 scrolls of identify
 n - a scroll of remove curse
 q - a scroll of fog {unknown}
 t - a scroll of recharging {unknown}
 x - a scroll of blinking {unknown}
 y - 3 scrolls of teleportation
 D - 3 scrolls of noise {unknown}
 F - a scroll of magic mapping {unknown}
 H - a scroll of enchant armour {unknown}
Potions
 b - a potion of cure mutation {unknown}
 e - a potion of flight {unknown}
 k - a potion of heal wounds {unknown}
 l - a potion of haste
 m - 2 potions of ambrosia {unknown}
 r - a potion of agility {unknown}
 z - 2 potions of poison {unknown}
 A - a potion of invisibility
 B - a potion of cancellation {unknown}
 E - a potion of lignification {unknown}
Comestibles
 d - 4 bread rations
 j - 3 meat rations
 s - 3 royal jellies
 u - a beef jerky


   Skills:
 * Level 6.3 Fighting
 * Level 5.1 Axes
 + Level 5.7 Armour
 + Level 3.0 Dodging
 - Level 0.8 Stealth
 + Level 6.3 Shields
 * Level 2.6 Invocations
 * Level 2.4 Evocations


You had 8 spell levels left.
You didn't know any spells.

Dungeon Overview and Level Annotations

Branches:
Dungeon (7/15)             Temple (1/1) D:7

Altars:
Ashenzari
Cheibriados
Dithmenos
Fedhas
Gozag
Kikubaaqudgha
Makhleb
Nemelex Xobeh
Okawaru
Qazlal
Ru
Sif Muna
Trog
Vehumet
Xom
Yredelemnul
Zin
The Shining One

Annotations:
D:7 Prince Ribbit


Innate Abilities, Weirdness & Mutations

You are resistant to torment.
You are immune to poison.
Your stone body is very resilient (AC +5).
You resist negative energy.
You are resistant to electric shocks.
You can survive without breathing.
You are immune to petrification.
You are immune to rotting.


Message History

Something hits you but does no damage.
You block the white ugly thing's attack.
You hit the white ugly thing!
The white ugly thing is severely wounded.
Something hits you. The white ugly thing stings you.
The white ugly thing freezes you!!
* * * LOW HITPOINT WARNING * * *
Unknown command.
Drink which item? (? for menu, Esc to quit)
You feel better. You block its attack.
You block the white ugly thing's attack.
Drink which item? (? for menu, Esc to quit)
You feel better. Something hits you but does no damage.
Something hits you but does no damage. Something hits you.
* * * LOW HITPOINT WARNING * * *
Drink which item? (? for menu, Esc to quit)
You feel better. Something hits you but does no damage.
The white ugly thing is engulfed in freezing vapours.
The white ugly thing stings you. The white ugly thing freezes you!!
You die...

#(###.#.###...##.# #.#
#.....#........#.# #.#
.....#%....#.. ...# #.#
.###.#.###.#.###...# #.#
.....#.....#.......# #.#
...................# #.#
................#..# #.#
.................§.# #.#
#########.....u@..#########.#
#########.###.#...#.........#
..........#...#...#.#########
#######.........>.#.#
#.#...........#
#.#.#.#####.### #.#....# #.#
#.###..####.# #. #.......#


You could see a white ugly thing.

Vanquished Creatures
  An ugly thing (D:6)
  A hippogriff (D:7)
  An orc warrior (D:7)
  A sky beast (D:6)
  An elf zombie (Ossuary)
  A crimson imp (D:6)
  2 centaur zombies (Ossuary)
  5 hounds
  2 jellies
  2 orc priests
  5 orc wizards
  2 iguanas
  Natasha (thrice) (D:3)
  3 worker ants
  A big kobold zombie (Ossuary)
  A hound skeleton (D:4)
  2 mummies (Ossuary)
  10 adders
  A white imp (D:3)
  An adder zombie (Ossuary)
  8 giant geckos
  An ooze (D:7)
  14 orcs
  8 goblins
  9 hobgoblins
  7 kobolds
  7 quokkas
  4 ball pythons
  14 bats
  2 giant cockroaches (D:3)
  4 giant newts
  A giant spore (D:6)
  A goblin zombie (Ossuary)
  9 hobgoblin zombies (Ossuary)
  2 jackal zombies (Ossuary)
  9 kobold zombies (Ossuary)
  10 orc zombies (Ossuary)
  17 rats
  A rat zombie (Ossuary)
  A ballistomycete (D:6)
175 creatures vanquished.

Vanquished Creatures (others)
  A hound (D:6)
  An orc (D:6)
  2 ballistomycetes (D:6)
4 creatures vanquished.

Grand Total: 179 creatures vanquished

Notes
Turn   | Place    | Note
--------------------------------------------------------------
     0 | D:1      | sugabear, the Gargoyle Fighter, began the quest for the Orb.
     0 | D:1      | Reached XP level 1. HP: 14/14 MP: 1/1
   129 | D:1      | Reached XP level 2. HP: 19/19 MP: 2/2
   557 | D:1      | Reached XP level 3. HP: 23/23 MP: 3/3
   826 | D:2      | Reached skill level 4 in Shields
   862 | D:2      | Reached XP level 4. HP: 12/29 MP: 4/4
  1813 | D:3      | Reached skill level 1 in Dodging
  1813 | D:3      | Reached XP level 5. HP: 5/33 MP: 5/5
  2192 | D:3      | Noticed Natasha
  2204 | D:3      | Killed Natasha
  2490 | D:3      | Noticed Natasha
  2495 | D:3      | Killed Natasha
  2539 | D:3      | Reached XP level 6. HP: 36/38 MP: 6/6
  3617 | D:3      | Noticed Natasha
  3629 | D:3      | Killed Natasha
  3670 | D:4      | Reached skill level 5 in Shields
  4262 | D:4      | Found a shattered altar of Ashenzari.
  4303 | D:4      | Reached skill level 5 in Armour
  4303 | D:4      | Reached XP level 7. HP: 39/43 MP: 5/7
  4525 | D:5      | Entered Level 5 of the Dungeon
  4711 | D:5      | You fall through a shaft for 2 floors!
  4945 | D:7      | Noticed Prince Ribbit
  4981 | D:7      | Found a staircase to the Ecumenical Temple.
  4990 | Temple   | Entered the Ecumenical Temple
  5047 | Temple   | Became a worshipper of Qazlal Stormbringer
  5178 | D:6      | Found a sand-covered staircase.
  5189 | Ossuary  | Entered an ossuary
  5275 | Ossuary  | Acquired Qazlal's first power
  5281 | Ossuary  | Reached skill level 5 in Fighting
  5282 | Ossuary  | Reached XP level 8. HP: 47/49 MP: 7/9
  5383 | Ossuary  | Reached skill level 1 in Invocations
  5383 | Ossuary  | Reached skill level 1 in Evocations
  5446 | D:6      | Reached skill level 6 in Shields
  5694 | D:6      | Noticed a cyan ugly thing
  5705 | D:6      | Killed a cyan ugly thing
  5705 | D:6      | Reached skill level 5 in Axes
  5716 | D:6      | Noticed a hippogriff
  5717 | D:6      | Noticed a white ugly thing
  5743 | D:7      | Killed a hippogriff
  5743 | D:7      | Reached XP level 9. HP: 28/56 MP: 7/12
  5904 | D:6      | Mangled by a white ugly thing

Action                   |  1- 3 |  4- 6 |  7- 9 || total
-------------------------+-------+-------+-------++-------
Melee: War axe           |   132 |   266 |   226 ||   624
Evoke: Wand              |       |       |     3 ||     3
  Use: Scroll            |       |     6 |       ||     6
       Potion            |       |       |     4 ||     4
  Eat: Chunk             |       |     7 |     3 ||    10
       Meat ration       |       |     1 |       ||     1
       Pizza             |       |       |     1 ||     1
